 Seeded DCSS version 0.29.1-2-gbd0b4ee654 (webtiles) character file.

Game seed: 9595517736893064364 (custom seed)

63 GigaChad the Shield-Bearer (level 3, 0/33 HPs)
             Began as a Minotaur Fighter on Nov 25, 2022.
             Slain by an orc
             ... wielding a +0 flail
              (4 damage)
             ... on level 3 of the Dungeon.
             The game lasted 00:02:40 (1743 turns).

GigaChad the Shield-Bearer (Minotaur Fighter)       Turns: 1743, Time: 00:02:40

Health: 0/33       AC:  9    Str: 22    XL:     3   Next: 87%
Magic:  2/2        EV:  7    Int:  5    God:
Gold:   46         SH:  4    Dex:  9    Spells: 2/2 levels left

rFire   . . .      SeeInvis .   a - +0 war axe
rCold   . . .      Faith    .   c - +0 buckler
rNeg    . . .      Spirit   .   e - +0 chain mail
rPois   .          Reflect  .   (helmet restricted)
rElec   .          Harm     .   (no cloak)
rCorr   .          Rampage  .   (no gloves)
Will    .....                   (no boots)
Stlth   ..........              (no amulet)
HPRegen 0.11/turn               (no ring)
MPRegen 0.08/turn               (no ring)

@: studying Shields
A: horns 2, retaliatory headbutt
a: no special abilities


You were on level 3 of the Dungeon.
You visited 1 branch of the dungeon, and saw 3 of its levels.

You collected 91 gold pieces.
You spent 45 gold pieces at shops.

Inventory:

Hand Weapons
 a - a +0 war axe (weapon)
Armour
 b - a +0 scale mail
 c - a +0 buckler (worn)
 e - a +0 chain mail (worn)
Jewellery
 h - a ring of protection from cold
Scrolls
 g - a scroll of vulnerability {unknown}
 i - a scroll of blinking {unknown}
 j - a scroll of fog {unknown}
 k - a scroll of teleportation {unknown}
 l - a scroll of acquirement
Potions
 d - 2 potions of might
 f - a potion of heal wounds {unknown}


   Skills:
 + Level 4.1 Fighting
 + Level 3.6 Axes
 + Level 4.2 Armour
 + Level 4.5 Shields


You had 2 spell levels left.
You didn't know any spells.
Your spell library contained the following spells:

 Spells                   Type           Power      Damage    Failure   Level
 Ensorcelled Hibernation  Hex/Ice        0%         N/A       100%        2
 Passwall                 Tmut/Erth      0%         N/A       100%        2
 Swiftness                Air            0%         N/A       100%        3


Dungeon Overview and Level Annotations

Branches:
Dungeon (3/15)

Altars:

Shops:
D:1 *


Innate Abilities, Weirdness & Mutations

You have a pair of horns on your head.
You reflexively headbutt those who attack you in melee.


Message History

a +1 whip of electrocution; an orc corpse An orc comes into view.
It is wielding a +0 hand axe.
The orc shouts!
The goblin hits you but does no damage.
You barely miss the goblin. You hit the orc but do no damage.
The goblin barely misses you.
You barely miss the goblin. You barely miss the orc.
The orc hits you but does no damage. The goblin barely misses you.
The orc hits you but does no damage. The orc hits you with a +0 flail.
The goblin barely misses you.
You barely miss the goblin. Your headbutt misses the goblin.
You hit the orc priest. You closely miss the orc. You hit the orc.
The orc priest hits you with a +0 club. The orc hits you but does no damage. x2
The goblin completely misses you.
You barely miss the goblin. You closely miss the orc. x2
You closely miss the orc priest. You slash the orc!
You kill the orc!
The orc hits you with a +0 flail.
The orc priest mumbles some strange prayers to Beogh against you.
Beogh smites you!
* * * LOW HITPOINT WARNING * * *
The orc completely misses you. The goblin hits you but does no damage.
The goblin hits you with a +0 club.
* * * LOW HITPOINT WARNING * * *
The orc priest hits you but does no damage.
The orc closely misses you. The orc hits you but does no damage.
You slash the orc priest!
The orc priest is severely wounded.
You hit the orc but do no damage. You closely miss the orc.
You barely miss the goblin. The orc hits you with a +0 flail.
* * * LOW HITPOINT WARNING * * *
The goblin hits you but does no damage.
The orc priest hits you but does no damage.
The orc closely misses you. You furiously retaliate!
You headbutt the orc. You hit the orc priest.
The orc priest is severely wounded.
You closely miss the goblin. You slash the orc!
You kill the orc!
You barely miss the orc. The orc hits you with a +0 flail.
You die...

....................#
.......)†..........?#####
.........................
.................)......#
.........†..........#...
................)...#...
................)...# ..
....................##.#
...............)@o.....#
....).........og)..####
..................^#
...................#
...........# ...........#
...........# ...........#


You could see an orc priest, an orc and a goblin.

Vanquished Creatures
  An adder (D:3)
  A worm (D:3)
  3 orcs (D:3)
  5 endoplasms
  5 giant cockroaches
  2 goblins
  A hobgoblin (D:2)
  3 jackals (D:2)
  4 kobolds
  2 quokkas (D:2)
  9 ball pythons
  A bat (D:2)
  2 frilled lizards
  4 rats
43 creatures vanquished.

Notes
Turn   | Place    | Note
-------+----------+-------------------------------------------
     0 | D:1      | GigaChad the Minotaur Fighter began the quest for the Orb.
     0 | D:1      | Reached XP level 1. HP: 19/19 MP: 0/0
   389 | D:1      | Found a faded altar of an unknown god.
   450 | D:1      | Identified a scroll of acquirement
   451 | D:1      | Acquired a manual of Shields
   585 | D:1      | Reached XP level 2. HP: 25/27 MP: 1/1
   732 | D:1      | Found Uteofera's General Store.
   753 | D:1      | Bought a +0 chain mail for 45 gold pieces
  1128 | D:2      | Reached XP level 3. HP: 33/33 MP: 2/2
  1743 | D:3      | Slain by an orc

Illustrated notes

Levels and vault maps discovered:
D:1:      dpeg_arrival_tiny_c, layout_basic,
          chequers_ecumenical_altar_simple_redux, serial_shops, shop_fountains,
          minmay_tree_intersection
D:2:      layout_loops_ring
D:3:      layout_basic

Skill      XL: |  1  2  3 |
---------------+----------+-----
Shields        | 4 |  4.5
Armour         | 4 |  4.2
Fighting       | 4 |  4.1
Axes           | 3 |  3.6

Action                   || total
-------------------------++-------
Melee: War axe           ||    70
       Headbutt          ||     3
  Use: Scroll            ||     2
Armor: Scale mail        ||     8
       Chain mail        ||    40
Dodge: Dodged            ||    42
Block: Buckler           ||    13
